 Dungeon Crawl Stone Soup version 0.31-a0-237-g2d982f9f85 (webtiles) character file.

Game seed: 21355584158831148

479 qw the Shooter (level 7, -3/41 HPs)
             Began as a Gargoyle Hexslinger on July 11, 2023.
             Killed by divine providence
             ... invoked by an orc priest
              (13 damage)
             ... on level 4 of the Dungeon.
             The game lasted 00:01:49 (3884 turns).

qw the Shooter (Gargoyle Hexslinger)                Turns: 3884, Time: 00:01:50

Health: -3/41      AC: 16    Str: 12    XL:     7   Next: 11%
Magic:  7/7        EV: 10    Int: 13    God:
Gold:   223        SH:  0    Dex: 14    Spells: 7/8 levels left

rFire   . . .        Y - +1 sling
rCold   + . .        (no shield)
rNeg    + . .        m - +0 ring mail
rPois   inf          (no helmet)
rElec   +            c - +0 cloak
rCorr   .            (no gloves)
SInv    .            f - +0 pair of boots
Will    .....        b - amulet of the acrobat
Stlth   +            e - +4 ring of protection
HPRegen 0.26/turn    a - ring of protection from cold
MPRegen 0.10/turn

%: acrobat
@: no status effects
A: sickness immunity, AC +4, negative energy resistance 1, electricity
resistance, torment resistance 1, petrification resistance, low MP 1
a: no special abilities


You were on level 4 of the Dungeon.
You visited 1 branch of the dungeon, and saw 4 of its levels.
You also visited: Sewer.

You collected 223 gold pieces.


Innate Abilities, Weirdness & Mutations

You are immune to sickness and miasma.
Your stone body is resilient. (AC +4)
You are immune to poison.
You resist negative energy. (rN+)
You are resistant to electric shocks. (rElec)
You are resistant to unholy torment.
You are immune to petrification.
Your magical capacity is low. (-10% MP)


   Skills:
 + Level 3.1 Fighting
 - Level 6.3 Ranged Weapons
 - Level 2.7 Armour
 - Level 1.5 Dodging
 - Level 1.0 Spellcasting
 - Level 2.6 Hexes


You had 7 spell levels left.
You knew the following spells:

 Your Spells              Type           Power      Damage    Failure   Level
a - Slow                  Hex            28%        N/A       21%         1

Your spell library contained the following spells:

 Spells                   Type           Power      Damage    Failure   Level
 Inner Flame              Hex/Fire       4%         N/A       71%         3
 Portal Projectile        Hex/Tloc       8%         N/A       71%         3
 Cause Fear               Hex            3%         N/A       90%         4

Inventory:

Hand Weapons
 Y - a +1 sling (weapon)
Armour
 c - a +0 cloak (worn)
 f - a +0 pair of boots (worn)
 m - a +0 ring mail (worn)
Jewellery
 a - a ring of protection from cold (right hand)
 b - an amulet of the acrobat (around neck)
 e - a +4 ring of protection (left hand)
Scrolls
 g - 2 scrolls of identify
 h - a scroll of enchant armour {unknown}
Potions
 d - a potion of brilliance {unknown}
 i - a potion of curing {unknown}
 j - 2 potions of resistance
 k - a potion of experience {unknown}
 l - a potion of ambrosia {unknown}
 o - a potion of haste
 p - a potion of mutation
 q - a potion of cancellation {unknown}

Dungeon Overview and Level Annotations

Branches:
Dungeon (4/15)              Sewer (visited)
 Temple: D:4-7

Altars:
Hepliaklqana
Vehumet
The Shining One

Shops:
D:2 (


Message History

The orc priest mumbles some strange prayers to Beogh against you.
Beogh smites you!
You hear some strange, mumbled words.
Something tries to affect you, but you resist.
Something hits you but does no damage.
You shoot a sling bullet. The sling bullet hits the orc priest.
The orc priest is lightly wounded.
The orc priest mumbles some strange prayers to Beogh against you.
Beogh smites you! Something hits you but does no damage.
You shoot a sling bullet. The sling bullet hits the orc priest.
The orc priest is moderately wounded.
Something hits you but does no damage.
You shoot a sling bullet. The sling bullet hits the orc priest.
The orc priest is heavily wounded.
The orc priest hits you but does no damage.
Something hits you but does no damage.
You shoot a sling bullet.
The sling bullet barely misses the orc priest.
The orc priest hits you but does no damage.
You hear some strange, mumbled words.
Something tries to affect you, but you resist.
You shoot a sling bullet.
The sling bullet hits the orc priest but does no damage.
The orc priest is heavily wounded.
The orc priest barely misses you. Something hits you but does no damage.
You shoot a sling bullet.
The sling bullet closely misses the orc priest.
The orc priest hits you but does no damage.
Something hits you but does no damage.
The orc priest hits you but does no damage.
Something hits you but does no damage.
You shoot a sling bullet. The sling bullet hits the orc priest.
The orc priest is severely wounded.
Something hits you.
The orc priest hits you but does no damage.
You shoot a sling bullet.
The sling bullet closely misses the orc priest.
The orc priest mumbles some strange prayers to Beogh against you.
Beogh smites you!
You die...

.# #.# .# #.# #.. .###.#
#..### .....# #....#
.##### #.##.# ...#
#.##.# # . ...#
#.#..###.#...
...#########....>{.<....
......).........@o).....
...##########...####....
.### #..## . .#### #.##
....# #.# .##.# #.#
.##.# #.# ....# #.#
###.#


You could see an orc priest.

Vanquished Creatures
  A black bear (D:4)
  A scorpion (D:4)
  An orc priest (D:3)
  Terence (D:3)
  An orc wizard (D:3)
  3 gnolls (D:4)
  7 adders
  3 river rats (Sewer)
  4 worms
  4 dart slugs
  6 orcs
  10 ball pythons
  5 endoplasms
  5 giant cockroaches
  5 goblins
  6 hobgoblins
  22 kobolds
  6 quokkas
  4 bats
  2 frilled lizards
  27 rats
124 creatures vanquished.

Notes
Turn   | Place    | Note
-------+----------+-------------------------------------------
     0 | D:1      | qw the Gargoyle Hexslinger began the quest for the Orb.
     0 | D:1      | Reached XP level 1. HP: 12/12 MP: 2/2
     0 | D:1      | 0 ||| qw: Version: 0.3-a-52-g30416fa
     0 | D:1      | 0 ||| qw: Game counter: 5796
     0 | D:1      | 0 ||| qw: Melee chars always use a shield: true
     0 | D:1      | 0 ||| qw: God list: Okawaru
     0 | D:1      | 0 ||| qw: Allow faded altars: false
     0 | D:1      | 0 ||| qw: Do Orc after clearing Dungeon:15 true
     0 | D:1      | 0 ||| qw: Do second Lair branch before Depths: true
     0 | D:1      | 0 ||| qw: Lair rune preference: random
     0 | D:1      | 0 ||| qw: Goals: Normal
     0 | D:1      | 0 ||| PLANNING D:1-11
   249 | D:1      | Reached XP level 2. HP: 16/16 MP: 3/3
   489 | D:1      | Found a faded altar of an unknown god.
   492 | D:1      | 492 ||| UPGRADING to +4 ring of protection.
   493 | D:1      | 493 ||| READING scroll labelled SUAHYATS EFUDY.
   494 | D:1      | 494 ||| READING scroll labelled NUXER HEPIRENT.
   496 | D:1      | 496 ||| READING scroll labelled DELETI VERGHOU.
   497 | D:1      | 497 ||| DRINKING 2 lumpy coppery potions.
   501 | D:1      | Reached skill level 3 in Ranged Weapons
   925 | D:1      | 925 ||| UPGRADING to ring of protection from cold.
   926 | D:1      | 926 ||| DROPPING scroll of poison.
  1114 | D:2      | Reached XP level 3. HP: 22/22 MP: 4/4
  1130 | D:2      | Found Liosim's Weapon Emporium.
  1268 | D:2      | Reached XP level 4. HP: 27/27 MP: 5/5
  1346 | D:2      | Reached skill level 4 in Ranged Weapons
  1609 | D:2      | 1609 ||| UPGRADING to +0 pair of boots.
  1614 | D:2      | 1614 ||| UPGRADING to amulet of the acrobat.
  1690 | D:3      | Noticed Terence
  1711 | D:3      | HP: 6/27 [Terence/+0 hand axe (2)]
  1712 | D:3      | 1712 ||| DRINKING potion of heal wounds.
  1718 | D:3      | Killed Terence
  1843 | D:3      | Reached XP level 5. HP: 23/31 MP: 6/6
  1860 | D:3      | HP: 7/31 [something/puff of flame (2)]
  1862 | D:3      | Reached skill level 5 in Ranged Weapons
  2081 | D:3      | Found a glowing golden altar of the Shining One.
  2429 | D:3      | 2429 ||| UPGRADING to +0 ring mail.
  2439 | D:3      | 2439 ||| DROPPING +0 robe.
  2452 | D:4      | 2452 ||| PLANNING SEWER
  2462 | D:4      | Noticed a black bear
  2472 | D:4      | Killed a black bear
  2473 | D:4      | Reached XP level 6. HP: 17/36 MP: 7/7
  2653 | D:4      | Reached skill level 3 in Fighting
  2673 | D:4      | Found a glowing drain.
  2683 | Sewer    | Entered a sewer
  3007 | Sewer    | 3007 ||| Stepping ~*~*~tactically~*~*~ (water).
  3250 | Sewer    | 3250 ||| UPGRADING to +0 cloak.
  3255 | Sewer    | 3255 ||| READING scroll labelled RIM MOAFILAP.
  3256 | Sewer    | 3256 ||| DRINKING 2 bubbling sapphire potions.
  3257 | Sewer    | 3257 ||| DRINKING 3 viscous red potions.
  3258 | Sewer    | 3258 ||| DRINKING 2 sedimented clear potions.
  3259 | Sewer    | 3259 ||| DRINKING 2 lumpy grey potions.
  3259 | Sewer    | Gained mutation: Your magical capacity is low. (-10% MP)
                  | [potion of mutation]
  3260 | Sewer    | 3260 ||| DROPPING potion of invisibility.
  3295 | D:4      | 3295 ||| PLANNING D:1-11
  3608 | D:4      | Reached skill level 6 in Ranged Weapons
  3608 | D:4      | Reached XP level 7. HP: 35/41 MP: 7/7
  3632 | D:4      | Found a hazy altar of Hepliaklqana.
  3632 | D:4      | Found a radiant altar of Vehumet.
  3883 | D:4      | HP: 10/41 [something (3)]
  3884 | D:4      | Killed from afar by an orc priest

Levels and vault maps discovered:
D:1:      minmay_arrival_split_and_join, layout_basic,
          shapermc_ecumenical_altar_notcrosses, kennysheep_boxes
D:2:      layout_basic, serial_shops, nicolae_square_shop
D:3:      layout_rooms, general_overflow_altar, uniq_terence
D:4:      layout_loops_corners, jmf_multi_god_temple,
          cheibrodos_sewer_entry_drain

Skill      XL: |  1  2  3  4  5  6 |
---------------+-------------------+-----
Ranged Weapons | 3 4 5 6 |  6.3
Fighting       | 2 3 |  3.1
Armour         | 2 |  2.7
Dodging        | |  1.5
Spellcasting   | |  1.0
Hexes          | |  2.6

Action                     |  1- 3 |  4- 6 |  7- 9 || total
---------------------------+-------+-------+-------++-------
   Fire: Sling             |    84 |   378 |    45 ||   507
    Use: Scroll            |     3 |     1 |       ||     4
         Potion            |     1 |     5 |       ||     6
 Armour: Robe              |    17 |    37 |       ||    54
         Ring mail         |       |   152 |    20 ||   172
  Dodge: Dodged            |    16 |   173 |     7 ||   196

Table legend:
 A = Non-vault XP
 B = Vault XP
 C = Vault XP percentage of total XP
 D = Non-vault monster count
 E = Vault monster count
 F = Vault count percentage of total count
                 A         B        C        D         E       F
            +---------+---------+-------+---------+---------+-------
      Total |     438 |     247 |  36.1 |      71 |      53 |  42.7
            +---------+---------+-------+---------+---------+-------
        D:1 |      21 |       0 |   0.0 |      11 |       0 |   0.0
        D:2 |      93 |       0 |   0.0 |      25 |       0 |   0.0
        D:3 |     114 |      36 |  24.0 |      16 |       1 |   5.9
        D:4 |     210 |      92 |  30.5 |      19 |       5 |  20.8
      Sewer |       0 |     119 | 100.0 |       0 |      47 | 100.0
            +---------+---------+-------+---------+---------+-------
